 Dungeon Crawl Stone Soup version 0.20.1-1-g8b1a95d (webtiles) character file.

27 mmigdal the Grasshopper (level 3, 0/29 HPs)
             Began as a Ghoul Warper on Oct 24, 2017.
             Killed from afar by Natasha (4 damage)
             ... with a magic dart
             ... on level 2 of the Dungeon.
             The game lasted 00:16:28 (1378 turns).

mmigdal the Grasshopper (Ghoul Warper)              Turns: 1378, Time: 00:16:29

Health: 0/29       AC:  4    Str: 14    XL:     3   Next: 10%
Magic:  5/5        EV: 11    Int:  8    God:
Gold:   101        SH:  0    Dex:  9    Spells: 2/6 levels left

rFire    . . .     SeeInvis .   a - +0 short sword
rCold    + . .     Gourm    .   (no shield)
rNeg     + + +     Faith    .   b - +1 leather armour
rPois    ∞         Spirit   .   (no helmet)
rElec    .         Reflect  .   (no cloak)
rCorr    .         Harm     .   (no gloves)
MR       .....                  (no boots)
Stlth    +.........             (no amulet)
Regen    0.0/turn               (no ring)
MPRegen  0.1/turn               (no ring)

@: flying, rotting, slowed, very slow
A: rotting body, claws 1, carnivore 3, cold resistance 1, negative energy
resistance 3, inhibited regeneration, torment resistance, unbreathing
a: no special abilities


You were on level 2 of the Dungeon.
You were hungry.

You visited 1 branch of the dungeon, and saw 2 of its levels.

You collected 101 gold pieces.

Inventory:

Hand Weapons
 a - a +0 short sword (weapon)
 g - a +0 dagger
Missiles
 i - 4 stones (quivered)
 m - 4 poisoned needles
 q - 12 sling bullets
Armour
 b - a +1 leather armour (worn)
Scrolls
 d - a scroll of blinking
 e - 2 scrolls of teleportation
 o - a scroll of identify
 s - a scroll of enchant armour
Potions
 l - a potion of might {unknown}
 p - a potion of flight
 r - a potion of ambrosia {unknown}
Books
 c - a book of Spatial Translocations

   Spells                             Type                      Level
   a - Blink                          Translocation                2
   b - Shroud of Golubria             Charms/Translocation         2
   c - Lesser Beckoning               Translocation                3
   d - Gell's Gravitas                Translocation                3
   e - Teleport Other                 Translocation                3
   f - Passage of Golubria            Translocation                4
Comestibles
 f - a meat ration
 j - 2 chunks of flesh
 k - a royal jelly
 n - a bread ration


   Skills:
 + Level 2.2 Fighting
 + Level 2.1 Short Blades
 + Level 1.3 Throwing
 + Level 1.1 Armour
 + Level 1.8 Dodging
 + Level 2.1 Spellcasting
 + Level 2.8 Translocations


You had 2 spell levels left.
You knew the following spells:

 Your Spells              Type           Power        Failure   Level  Hunger
a - Shroud of Golubria    Chrm/Tloc      #.........   36%         2    ###....
b - Blink                 Tloc           N/A          21%         2    ###....


Dungeon Overview and Level Annotations

Branches:
Dungeon (2/15)

Altars:
Ru

Annotations:
D:2 Natasha


Innate Abilities, Weirdness & Mutations

Your body is rotting away.
You thrive on raw meat.
You are immune to poison.
You have sharp fingernails.
You are carnivorous and can eat meat at any time.
Your flesh is cold resistant. (rC+)
You are immune to negative energy. (rN+++)
You do not regenerate when monsters are visible.
You are immune to unholy pain and torment.
You can survive without breathing.


Message History

You feel very buoyant.
You fly up into the air.
Natasha barely misses you. Natasha casts a spell at you.
You feel yourself slow down.
Throwing (i - inventory):
i - 5 stones (quivered)
Press: ? - help, Shift-Dir - straight line, f - Natasha
Aim: Natasha You throw a stone.
The stone hits Natasha.
Natasha is lightly wounded.
Natasha barely misses you.
You barely miss Natasha.
Natasha is lightly wounded.
Natasha misses you.
You closely miss Natasha.
Natasha is lightly wounded.
Natasha barely misses you. Natasha claws you.
* * * LOW HITPOINT WARNING * * *
Natasha casts a spell at you. The magic dart hits you!
You die...

** ##### ,* ########.... ,*
#.(...((((..
,************#########.######....
,,,,,,,,,,,,*#..@......(..##.....
,,,,,******,*#h####........(.(.(.
,***,******,*#w####(##..#(###....
*,,,,,,,,,,*,#...w........# #....
,***,,,,,,**#!.......(....#*####.
,* ******,,#.#..###.##(..........
,* *>#.##..# #.##..#.##..... ,*
**,#.*#..# #.##........... ,*
*,,.,,...# #.#............


You could see Natasha.

Vanquished Creatures
  3 bats
  3 giant cockroaches
  2 goblins
  2 hobgoblins (D:1)
  4 jackals (D:1)
  3 kobolds
  A frilled lizard (D:1)
  5 rats
23 creatures vanquished.

Notes
Turn   | Place    | Note
-------+----------+-------------------------------------------
     0 | D:1      | mmigdal the Ghoul Warper began the quest for the Orb.
     0 | D:1      | Reached XP level 1. HP: 17/17 MP: 2/2
   262 | D:1      | Reached XP level 2. HP: 15/24 MP: 4/4
   433 | D:1      | Learned a level 2 spell: Shroud of Golubria
   436 | D:1      | Learned a level 2 spell: Blink
   490 | D:1      | Reached skill level 1 in Throwing
   650 | D:1      | Reached skill level 1 in Armour
  1165 | D:2      | Reached XP level 3. HP: 29/29 MP: 5/5
  1179 | D:2      | Found a sacrificial altar of Ru.
  1358 | D:2      | Noticed Natasha
  1378 | D:2      | Killed from afar by Natasha

Skill      XL: |  1  2 |
---------------+-------+-----
Spellcasting   | 2 |  2.1
Short Blades   | 2 |  2.1
Throwing       | 1 |  1.3
Armour         | 1 |  1.1
Fighting       | |  2.2
Dodging        | |  1.8
Translocations | |  2.8

Action                   || total
-------------------------++-------
Melee: Short sword       ||    79
Throw: Stone             ||    68
       Tomahawk          ||     5
 Cast: Blink             ||     2
  Use: Scroll            ||     5
       Potion            ||     2
  Eat: Chunk             ||     1
Armor: Leather armour    ||    32
Dodge: Dodged            ||    49
